 Dungeon Crawl Stone Soup version 0.29-a0-275-g389c0b56f3 (webtiles) character file.

Game seed: 7076560839619889309

427 siradein the Vandal (level 6, -5/52 HPs)
             Began as a Ghoul Hunter on Mar 11, 2022.
             Slain by an iguana (10 damage)
             ... on level 5 of the Dungeon.
             The game lasted 00:12:10 (6044 turns).

siradein the Vandal (Ghoul Hunter)                  Turns: 6044, Time: 00:12:11

Health: -5/52      AC: 14    Str: 16    XL:     6   Next: 97%
Magic:  5/5        EV: 10    Int:  6    God:
Gold:   304        SH:  0    Dex: 11    Spells: 5/5 levels left

rFire   . . .      SeeInvis .   r - +2 halberd (protect)
rCold   + . .      Faith    .   (shield currently unavailable)
rNeg    + + +      Spirit   .   n - +0 scale mail
rPois   ∞          Reflect  .   (no helmet)
rElec   .          Harm     .   (no cloak)
rCorr   .          Rampage  .   b - +0 pair of gloves
Will    .....                   (no boots)
Stlth   ..........              (no amulet)
HPRegen 0.00/turn               (no ring)
MPRegen 0.09/turn               (no ring)

@: under a protective aura, inhibited regen
A: claws 1, cold resistance 1, negative energy resistance 3, inhibited
regeneration, torment resistance 2
a: no special abilities


You were on level 5 of the Dungeon.
You visited 1 branch of the dungeon, and saw 5 of its levels.

You collected 304 gold pieces.

Inventory:

Hand Weapons
 g - a +3 short sword
 p - a +3 hunting sling
 r - a +2 halberd of protection (weapon)
Missiles
 k - 2 throwing nets
Armour
 b - a +0 pair of gloves (worn)
 n - a +0 scale mail (worn)
Scrolls
 c - a scroll of immolation
 d - 3 scrolls of identify {unknown}
 e - a scroll of enchant armour {unknown}
 f - 2 scrolls of teleportation {unknown}
 h - 2 scrolls of magic mapping {unknown}
 j - a scroll of blinking {unknown}
 m - a scroll of summoning {unknown}
 o - a scroll of fear {unknown}
Potions
 a - a potion of attraction {unknown}
 i - a potion of flight {unknown}
 l - 2 potions of heal wounds {unknown}
 q - a potion of cancellation {unknown}


   Skills:
 + Level 4.1 Fighting
 * Level 5.2 Slings
 + Level 2.6 Armour
 + Level 3.3 Dodging
 - Level 1.1 Stealth


You had 5 spell levels left.
You didn't know any spells.
Your spell library contained the following spells:

 Spells                   Type           Power      Damage    Failure   Level
 Corpse Rot               Necr/Air       0%         N/A       95%         2
 Ensorcelled Hibernation  Hex/Ice        0%         N/A       95%         2
 Passwall                 Tmut/Erth      0%         N/A       95%         2
 Poisonous Vapours        Pois/Air       0%         N/A       95%         2
 Swiftness                Air            0%         N/A       99%         3


Dungeon Overview and Level Annotations

Branches:
Dungeon (5/15)
 Temple: D:4-7

Altars:
Gozag
Okawaru

Shops:
D:1 (

Annotations:
D:4 3 runed translucent doors, rabbitsville's ghost, amateur SpBr


Innate Abilities, Weirdness & Mutations

You thrive by killing the living.
You are immune to poison.
You have sharp fingernails.
Your flesh is cold resistant. (rC+)
You are immune to negative energy. (rN+++)
You do not regenerate when monsters are visible.
You are immune to unholy pain and torment.


Message History

The sling bullet closely misses the iguana.
The iguana bites you.
Your +2 halberd of protection hums with potential!
r - a +2 halberd of protection (weapon)
The iguana bites you!
You barely miss the iguana.
The iguana is moderately wounded.
The iguana barely misses you.
You puncture the iguana!
Your weapon exudes an aura of protection.
The iguana is severely wounded.
The iguana bites you but does no damage.
The iguana bites you!
You barely miss the iguana.
The iguana is severely wounded.
The iguana bites you!
You are too injured to fight recklessly!
You are too injured to fight recklessly!
You are too injured to fight recklessly!
You are too injured to fight recklessly!
You hit the iguana.
Your weapon exudes an aura of protection.
The iguana is severely wounded.
The iguana bites you!
* * * LOW HITPOINT WARNING * * *
The iguana bites you but does no damage.
You barely miss the iguana.
The iguana is severely wounded.
The iguana misses you.
You hit the iguana.
The iguana is almost dead.
The iguana bites you but does no damage. x2
You closely miss the iguana.
The iguana is almost dead.
The iguana bites you!
* * * LOW HITPOINT WARNING * * *
You barely miss the iguana.
The iguana is almost dead.
The iguana bites you!
You die...

### .. ## #. ..# ##.#
#...# #...## ....#
.###.#.#l#######
#...###........<@.......
....... .###.###.#######
##.... #... .#.### #..##
#..# # .#.# .#.####..###
# .# ##..5....... .#
#######..... .# .#.


You could see an iguana.

Vanquished Creatures
  An ogre (D:5)
  A centaur skeleton (D:3)
  2 scorpion zombies (D:3)
  An orc wizard (D:3)
  An iguana (D:5)
  A hound zombie (D:3)
  A hound skeleton (D:3)
  3 gnolls
  A howler monkey skeleton (D:3)
  3 adders
  A white imp (D:5)
  3 adder skeletons (D:3)
  7 worms
  A dart slug (D:3)
  4 orcs
  11 ball pythons
  5 endoplasms
  6 giant cockroaches
  7 goblins
  8 hobgoblins
  2 quokkas (D:3)
  3 ball python skeletons (D:3)
  7 bats
  A frilled lizard (D:1)
  8 kobolds
  6 rats
95 creatures vanquished.

Vanquished Creatures (others)
  6 withered plants (D:3)
6 creatures vanquished.

Grand Total: 101 creatures vanquished

Notes
Turn   | Place    | Note
-------+----------+-------------------------------------------
     0 | D:1      | siradein the Ghoul Hunter began the quest for the Orb.
     0 | D:1      | Reached XP level 1. HP: 17/17 MP: 0/0
   139 | D:1      | Reached XP level 2. HP: 23/25 MP: 1/1
   220 | D:1      | Found a faded altar of an unknown god.
   295 | D:1      | Found Isogek's Antique Weapon Shoppe.
   926 | D:1      | Reached XP level 3. HP: 30/30 MP: 2/2
   974 | D:2      | Reached skill level 1 in Armour
  1612 | D:2      | Reached skill level 4 in Slings
  1852 | D:2      | Reached XP level 4. HP: 29/38 MP: 3/3
  2921 | D:3      | Reached XP level 5. HP: 42/45 MP: 4/4
  3836 | D:3      | Reached XP level 6. HP: 51/51 MP: 5/5
  4674 | D:4      | Found a runed translucent gate.
  5326 | D:4      | Found an iron altar of Okawaru.
  5377 | D:4      | Reached skill level 5 in Slings
  5407 | D:4      | Found a runed translucent gate.
  5407 | D:4      | Found a runed translucent gate.
  5408 | D:4      | Found an opulent altar of Gozag.
  5409 | D:4      | Noticed rabbitsville's ghost (amateur SpBr)
  5409 | D:4      | Noticed a yak
  5561 | D:5      | Entered Level 5 of the Dungeon
  6044 | D:5      | Slain by an iguana

Illustrated notes

Levels and vault maps discovered:
D:1:      eino_arrival_druids_welcome, layout_basic, serial_shops,
          nicolae_shop_stone, ebering_ecumenical_altar_abandoned
D:2:      layout_loops_corners, minmay_3d_cube
D:3:      layout_loops_cross, serial_undead, serial_undead_a, serial_undead_c,
          serial_undead_b, serial_undead_b, serial_undead_f, serial_undead_c,
          serial_undead_d, serial_undead_e, serial_undead_d, serial_undead_c
D:4:      layout_cave_pools, okawaru_trees_1, ebering_ghost_gozag,
          nrook_loot_triangle, dreamdust_wishing_well, mrwooster_statue_mirror
D:5:      layout_loops_ring, gammafunk_ghost_nasty_kobolds, grunt_ministairs_3,
          patterned_corridor, uniq_pikel, uniq_crazy_yiuf_cottage, uniq_menkaure

Skill      XL: |  1  2  3  4  5  6 |
---------------+-------------------+-----
Dodging        | 2 3 |  3.3
Armour         | 1 2 |  2.6
Slings         | 4 5 |  5.2
Fighting       | 3 4 |  4.1
Stealth        | |  1.1

Action                   |  1- 3 |  4- 6 || total
-------------------------+-------+-------++-------
Melee: Unarmed           |     1 |       ||     1
       Short sword       |       |    30 ||    30
       Halberd           |       |    23 ||    23
 Fire: Hunting sling     |   161 |   269 ||   430
Armor: Leather armour    |    25 |    26 ||    51
       Scale mail        |       |    19 ||    19
Dodge: Dodged            |    47 |   123 ||   170

Table legend: (Time is in decaauts)
 A = Elapsed time spent in this place.
 B = Non-inter-level travel time spent in this place.
 C = Inter-level travel time spent in this place.
 D = Time resting spent in this place.
 E = Time spent auto-exploring this place.
 F = Levels seen in this place.
 G = Mean time per level.
                   A        B        C        D        E       F      G
               +--------+--------+--------+--------+--------+-----+--------+
         Total |   6196 |   6150 |     46 |   1309 |   3740 |   5 | 1239.2 |
       Dungeon |   6196 |   6150 |     46 |   1309 |   3740 |   5 | 1239.2 |
               +--------+--------+--------+--------+--------+-----+--------+

Top non-repeatable levels by time:
     D:3: 2103 daAuts
     D:2: 1843 daAuts
     D:1: 991 daAuts
     D:4: 791 daAuts
     D:5: 466 daAuts
